 Dungeon Sprint DCSS version 0.22.1-2-g9c5b331 (webtiles) character file.

155 diana the Basher (level 5, -7/51 HPs)
             Began as a Minotaur Gladiator on Dec 19, 2018.
             Mangled by a sixfirhy (10 damage)
             ... summoned by a kobold demonologist
             ... in the Dungeon (Sprint III: "The Ten Rune Challenge").
             The game lasted 00:01:26 (705 turns).

diana the Basher (Minotaur Gladiator)                Turns: 705, Time: 00:01:27

Health: -7/51      AC:  3    Str: 20    XL:     5   Next: 14%
Magic:  4/4        EV: 12    Int:  5    God:
Gold:   26         SH:  0    Dex: 11    Spells: 4/4 levels left

rFire    . . .     SeeInvis .   a - +0 flail
rCold    . . .     Gourm    .   (no shield)
rNeg     . . .     Faith    .   b - +0 leather armour
rPois    .         Spirit   .   c - +0 hat
rElec    .         Reflect  .   (no cloak)
rCorr    .         Harm     .   (no gloves)
MR       .....     NoTele   +   (no boots)
Stlth    +.........             (no amulet)
HPRegen  0.17/turn              (no ring)
MPRegen  0.09/turn              (no ring)

@: no status effects
A: retaliatory headbutt, horns 2
a: no special abilities


You were in the Dungeon.
You were not hungry.

You visited 1 branch You collected 26 gold pieces.

Inventory:

Hand Weapons
 a - a +0 flail (weapon)
Missiles
 d - 2 throwing nets (quivered)
Armour
 b - a +0 leather armour (worn)
 c - a +0 hat (worn)
Scrolls
 k - 2 scrolls of blinking
 o - a scroll of torment {unknown}
 p - 4 scrolls of remove curse
 r - 2 scrolls of immolation
 s - a scroll of identify {unknown}
Potions
 e - a potion of curing
 g - a potion of heal wounds
 h - a potion of haste
 i - 2 potions of magic
 j - a potion of berserk rage
 l - 2 potions of lignification {unknown}
 n - 3 potions of mutation {unknown}
 q - 4 potions of flight
Comestibles
 f - 3 rations


   Skills:
 + Level 6.6 Fighting
 * Level 9.5 Maces & Flails
 - Level 2.0 Throwing
 + Level 6.0 Armour
 - Level 3.2 Dodging


You had 4 spell levels left.
You didn't know any spells.
Your spell library was empty.

Dungeon Overview and Level Annotations

Branches:
Dungeon (1/1)

Altars:
Kikubaaqudgha
Sif Muna
Vehumet


Innate Abilities, Weirdness & Mutations

You reflexively headbutt those who attack you in melee.
You have a pair of horns on your head.


Message History

The kobold demonologist is moderately wounded.
The kobold demonologist gestures wildly while chanting.
You closely miss the kobold demonologist.
Your headbutt misses the kobold demonologist.
The kobold demonologist is moderately wounded.
The kobold demonologist casts a spell.
You hit the kobold demonologist.
The kobold demonologist is almost dead.
You sock the sixfirhy!
The sixfirhy is moderately wounded.
The sixfirhy misses you. You furiously retaliate!
You headbutt the sixfirhy! The sixfirhy hits you. The sixfirhy shocks you!
The sixfirhy hits you. The sixfirhy shocks you!
The red devil hits you from afar with a trident!
* * * LOW HITPOINT WARNING * * *
The sixfirhy misses you. The sixfirhy hits you!
* * * LOW HITPOINT WARNING * * *
The sixfirhy shocks you!
You die...

##.......#..#..#
.##.##...#..#..###+#+###
.##.###..##'#..#........
####.##..###...'.⌠......
##..##..####...#...####
....##).###....#.⌠.#
#..##...##.....#...#
..##....#......#)###
.###..##.#.....#@3:# .#
#..#####....#_K4# ▓▓
▓▓▓▓ ▓▓▓▓▓▓▓▓▓▓


You could see a kobold demonologist, a sixfirhy and a red devil.

Vanquished Creatures
  A water elemental (D)
  A wizard (D)
  Jessica (D)
  A human (D)
  A wolf (D)
  2 oozes (D)
  A rat (D)
8 creatures vanquished.

Vanquished Creatures (others)
  2 draconian scorchers (D)
  6 hellions (D)
  A yaktaur (D)
  5 plants (D)
14 creatures vanquished.

Grand Total: 22 creatures vanquished

Notes
Turn   | Place    | Note
-------+----------+-------------------------------------------
     0 | D        | diana the Minotaur Gladiator began the quest for the Orb.
     0 | D        | Reached XP level 1. HP: 18/18 MP: 0/0
    10 | D        | Reached skill level 4 in Maces & Flails
    10 | D        | Reached skill level 1 in Armour
    14 | D        | Reached skill level 5 in Maces & Flails
    14 | D        | Reached XP level 2. HP: 25/26 MP: 1/1
    39 | D        | Noticed Jessica
    42 | D        | Killed a yaktaur
    43 | D        | Killed Jessica
    43 | D        | Reached skill level 6 in Maces & Flails
    43 | D        | Reached XP level 3. HP: 34/34 MP: 2/2
    65 | D        | Reached skill level 7 in Maces & Flails
    95 | D        | Killed a hellion
    95 | D        | Killed a hellion
    96 | D        | Killed a hellion
    99 | D        | Killed a hellion
   154 | D        | Killed a white draconian scorcher
   167 | D        | Killed a white draconian scorcher
   272 | D        | Reached skill level 5 in Fighting
   272 | D        | Reached XP level 4. HP: 10/42 MP: 3/3
   401 | D        | Killed a hellion
   438 | D        | Killed a hellion
   517 | D        | Noticed a water elemental
   522 | D        | Killed a water elemental
   522 | D        | Reached skill level 9 in Maces & Flails
   522 | D        | Reached skill level 5 in Armour
   695 | D        | Found a radiant altar of Vehumet.
   695 | D        | Found a deep blue altar of Sif Muna.
   695 | D        | Found an ancient bone altar of Kikubaaqudgha.
   695 | D        | Noticed a wizard
   697 | D        | Killed a wizard
   697 | D        | Reached XP level 5. HP: 51/51 MP: 4/4
   702 | D        | Noticed a sixfirhy
   703 | D        | Noticed a red devil
   705 | D        | Mangled by a sixfirhy

Skill      XL: |  1  2  3  4 |
---------------+-------------+-----
Fighting       | 3 4 5 6 |  6.6
Maces & Flails | 5 6 7 9 |  9.5
Armour         | 2 3 4 6 |  6.0
Throwing       | |  2.0
Dodging        | |  3.2

Action                   |  1- 3 |  4- 6 || total
-------------------------+-------+-------++-------
Melee: Flail             |    21 |    12 ||    33
       Headbutt          |     4 |     3 ||     7
Throw: Throwing net      |     3 |       ||     3
  Use: Scroll            |       |     1 ||     1
 Stab: Held in net/web   |     1 |       ||     1
Armor: Leather armour    |     1 |     1 ||     2
Dodge: Dodged            |    14 |     4 ||    18
